 Dungeon Crawl Stone Soup version 0.32-a0-898-g7811c86cf0 (webtiles) character file.

Game seed: 8766541729252657593

11976 Biggs the Skirmisher (level 11, -3/84 HPs)
             Began as a Coglin Hunter on Apr 4, 2024.
             Was an Elder of Okawaru.
             Slain by a black mamba (9 damage)
             ... on level 1 of the Lair of Beasts.
             The game lasted 00:18:48 (10012 turns).

Biggs the Skirmisher (Coglin Hunter)               Turns: 10012, Time: 00:18:48

Health: -3/84      AC:  8    Str: 11    XL:     11   Next: 86%
Magic:  11/11      EV: 15    Int:  9    God:    Okawaru [****..]
Gold:   685        SH:  0    Dex: 22    Spells: 10/10 levels left

rFire   . . .        j - +1 sling (flame) {Hajoon}
rCold   . . .        a - +3 sling {Atia}
rNeg    . . .        k - +0 troll leather armour
rPois   .            i - +0 helmet
rElec   .            d - +0 cloak
rCorr   .            (no gloves)
SInv    .            H - +2 pair of boots
Will    .....        (amulet unavailable)
Stlth   ++           (ring unavailable)
HPRegen 1.14/turn    (ring unavailable)
MPRegen 0.12/turn    (no gizmo)

%: no passive effects
@: mighty, lethally poisoned (-3 -> -25), about to teleport, revving
A: off-hand wielding, slow wielding, warmup strikes, no jewellery
a: Invent Gizmo, Renounce Religion, Heroism, Finesse


You were on level 1 of the Lair of Beasts.
You worshipped Okawaru.
Okawaru was greatly pleased with you.
You visited 3 branches of the dungeon, and saw 13 of its levels.

You collected 685 gold pieces.

Inventory:

Hand Weapons
 a - a +3 sling (offhand) {Atia}
 j - a +1 sling of flaming (weapon) {Hajoon}
Missiles
 c - a throwing net
Armour
 d - a +0 cloak (worn)
 i - a +0 helmet (worn)
 k - a +0 troll leather armour (worn)
 n - a +1 leather armour of cold resistance
 H - a +2 pair of boots (worn)
 J - the +2 leather armour "Decier" {Rampage Int+2 Dex+3}
   (You found it on level 7 of the Dungeon)

   Int+2:     It affects your intelligence (+2).
   Dex+3:     It affects your dexterity (+3).
   Rampage:   It bestows one free step when moving towards enemies.
Wands
 B - a wand of warping (24)
 F - a wand of flame (27)
 I - a wand of mindburst (4)
 L - a wand of acid (6)
Scrolls
 b - a scroll of butterflies
 h - 4 scrolls of noise
 m - 2 scrolls of blinking
 p - 3 scrolls of poison
 q - 5 scrolls of vulnerability
 r - 4 scrolls of teleportation
 s - 2 scrolls of immolation {unknown}
 t - 3 scrolls of brand weapon {unknown}
 v - a scroll of enchant armour {unknown}
 y - 3 scrolls of amnesia {unknown}
 C - a scroll of identify
 E - a scroll of fog {unknown}
 M - a scroll of revelation {unknown}
Potions
 e - a potion of brilliance {unknown}
 f - 3 potions of heal wounds {unknown}
 g - 3 potions of curing {unknown}
 l - a potion of lignification
 o - 4 potions of might
 u - a potion of magic {unknown}
 w - 4 potions of haste {unknown}
 x - a potion of mutation {unknown}
 z - a potion of resistance {unknown}
 A - a potion of attraction {unknown}
 D - a potion of enlightenment {unknown}
 G - a potion of invisibility {unknown}
 K - a potion of degeneration {unknown}


   Skills:
 + Level 7.5 Fighting
 - Level 14.0 Ranged Weapons
 - Level 7.2 Dodging
 - Level 0.7 Stealth
 - Level 5.0 Evocations


You had 10 spell levels left.
You didn't know any spells.
Your spell library contained the following spells:

 Spells                   Type           Power      Damage    Failure   Level
 Passwall                 Erth           0%         N/A       85%         3
 Volatile Blastmotes      Fire/Tloc      0%         2d10      85%         3
 Vhi's Electric Charge    Tloc/Air       0%         N/A       99%         4
 Lee's Rapid Deconstruct  Erth           0%         3d4*      100%        5
 Bombard                  Conj/Erth      0%         9d1       100%        6
 Animate Armour           Summ/Erth      Unusable   N/A       N/A         4
 Summon Lightning Spire   Summ/Air       Unusable   N/A       N/A         4

Dungeon Overview and Level Annotations

Branches:
Dungeon (10/15)            Temple (1/1) D:6            Lair (2/5) D:8
  Swamp: Lair:2-3    Shoals: Lair:2-3     Snake: Lair:2-3    Spider: Lair:2-3
    Orc: D:9-12

Altars:
Ashenzari
Cheibriados
Dithmenos
Elyvilon
Fedhas
Gozag
Hepliaklqana
Kikubaaqudgha
Makhleb
Nemelex Xobeh
Okawaru
Qazlal
Ru
Sif Muna
Trog
Uskayaw
Vehumet
Wu Jian
Xom
Yredelemnul
Zin
The Shining One


Innate Abilities, Weirdness & Mutations

You can wield a second weapon in your off-hand.
It takes a long time for you to wield or remove held weapons.
Your first few attacks do less damage.
You cannot equip rings or amulets.


Message History

The elephant tramples you!
You hold your ground!
The elephant misses you.
There is a stone staircase leading up here.
Okay, then.
You feel sick. The black mamba misses you. The black mamba closely misses you.
The elephant closely misses you. The elephant barely misses you.
You climb upwards.
You feel very sick.
There is a stone staircase leading down here.
As you read the scroll of teleportation, it crumbles to dust.
You feel strangely unstable.
You feel sick. The black mamba closely misses you. The elephant misses you.
The elephant trunk-slaps you but does no damage.
The black mamba barely misses you.
Unknown command.
Fire: j) +1 sling (flame) {Hajoon}
Press: ? - help, Q - select action, (/) - cycle Shift-Dir - straight line You shoot a sling bullet.
The sling bullet hits the black mamba!
The black mamba is moderately wounded.
You shoot a sling bullet.
The sling bullet closely misses the black mamba.
You feel sick. The black mamba bites you.
* * * LOW HITPOINT WARNING * * *
You are more poisoned.
The black mamba poisons you! The elephant tramples you!
* * * LOW HITPOINT WARNING * * *
You hold your ground!
The elephant trunk-slaps you but does no damage.
Fire: j) +1 sling (flame) {Hajoon}
Press: ? - help, Q - select action, (/) - cycle Shift-Dir - straight line, f - black mamba
Aim: a black mamba (moderately wounded, 58% to hit)
Okay, then.
It was a potion of might.
You feel very mighty all of a sudden.
* * * LOW HITPOINT WARNING * * *
You feel very sick. The black mamba bites you.
* * * LOW HITPOINT WARNING * * *
You are more poisoned.
The black mamba poisons you! The black mamba bites you!
You die...

#########
############.##.##.####
<....รท.........S@Y....#
..#.######..#######.#.#
..### ##.# ###.# ..# #.#
##.# ..# #.#### #..#
..#########..#.######.#
#.....................#
#.#########.#########.##
#.# #...# #.P#


You could see an elephant and a black mamba.

Vanquished Creatures
  A two-headed ogre (D:9)
  A boulder beetle (Lair:1)
  A black mamba (Lair:1)
  2 elephants (Lair:2)
  3 cane toads (Lair:1)
  An unseen horror (D:9)
  Maggie (D:8)
  A komodo dragon (D:8)
  A troll (D:10)
  A hornet (D:8)
  4 blink frogs (Lair:1)
  2 wyverns
  A shadow (D:8)
  10 yaks (Lair:1)
  A vampire (D:9)
  A basilisk (D:8)
  2 steam dragons
  6 vampire mosquitoes (D:10)
  Menkaure (D:5)
  Edmund (D:5)
  3 water moccasins
  3 orc warriors
  3 black bears
  A sky beast (D:7)
  2 ice beasts
  7 centaurs
  A kobold brigand (D:8)
  5 bullfrogs
  3 scorpions
  A gnoll sergeant (D:10)
  3 wights (D:7)
  4 bombardier beetles
  5 hounds
  2 jellies
  4 orc priests (D:6)
  3 gnoll boudas
  A sleepcap (D:4)
  Jessica (D:3)
  An iguana (D:6)
  9 orc wizards
  13 gnolls
  An adder (D:4)
  2 shadow imps
  A white imp (D:6)
  4 ufetubi (D:6)
  2 dart slugs (D:1)
  2 ribbon worms (D:2)
  32 orcs
  11 ball pythons
  7 endoplasms
  2 giant cockroaches
  5 goblins
  5 hobgoblins
  9 jackals
  9 kobolds
  2 quokkas
  3 bats
  2 frilled lizards
  5 rats
221 creatures vanquished.

Notes
Turn   | Place    | Note
-------+----------+-------------------------------------------
     0 | D:1      | Biggs the Coglin Hunter began the quest for the Orb.
     0 | D:1      | Reached XP level 1. HP: 16/16 MP: 1/1
    55 | D:1      | Reached skill level 4 in Ranged Weapons
    55 | D:1      | Reached XP level 2. HP: 22/22 MP: 2/2
   234 | D:1      | Reached XP level 3. HP: 27/27 MP: 3/3
   252 | D:1      | Found a faded altar of an unknown god.
   635 | D:2      | Identified the +3 hand axe of Trog's Esteem {flame, Str+3
                  | Int-5 Dex+3}
   783 | D:2      | Found a glowing silver altar of Zin.
  1239 | D:3      | Reached skill level 5 in Ranged Weapons
  1243 | D:3      | Reached XP level 4. HP: 33/33 MP: 4/4
  1252 | D:3      | Identified the +5 trident "Dragon's Tongue" {speed, Int+4}
  1435 | D:3      | Noticed Jessica
  1443 | D:3      | Killed Jessica
  1448 | D:3      | Found a shimmering blue altar of Sif Muna.
  1784 | D:5      | Entered Level 5 of the Dungeon
  1814 | D:4      | Noticed a scorpion
  1825 | D:4      | Reached XP level 5. HP: 17/38 MP: 5/5
  1831 | D:4      | Reached skill level 6 in Ranged Weapons
  1991 | D:4      | Reached XP level 6. HP: 31/44 MP: 6/6
  2233 | D:4      | Found an ancient bone altar of Kikubaaqudgha.
  2355 | D:4      | Reached skill level 7 in Ranged Weapons
  2367 | D:4      | Found an opulent altar of Gozag.
  2695 | D:5      | Noticed an ice beast
  2704 | D:5      | Killed an ice beast
  2705 | D:5      | Reached XP level 7. HP: 34/50 MP: 7/7
  2884 | D:5      | Identified the +8 quarterstaff "Newtbane" {freeze, rElec
                  | rPois}
  2985 | D:5      | Noticed Edmund
  2996 | D:5      | Killed Edmund
  2997 | D:5      | Reached skill level 8 in Ranged Weapons
  3250 | D:5      | Noticed Menkaure
  3257 | D:5      | Killed Menkaure
  3350 | D:5      | Noticed a +0 spear
  3352 | D:5      | Noticed a +0 short sword
  3353 | D:5      | Noticed a +0 dagger
  3353 | D:5      | Noticed a +0 falchion
  3353 | D:5      | Noticed a +0 falchion
  3353 | D:5      | Noticed a +0 spear
  3353 | D:5      | Noticed a +0 short sword
  3354 | D:5      | Noticed a +0 dagger
  3360 | D:5      | Found a hide-covered altar of Uskayaw.
  3389 | D:5      | Reached XP level 8. HP: 48/56 MP: 8/8
  3579 | D:5      | Found a shimmering altar of Xom.
  3582 | D:5      | Found a shimmering altar of Xom.
  3602 | D:5      | Reached skill level 9 in Ranged Weapons
  4181 | D:6      | Found a staircase to the Ecumenical Temple.
  4218 | Temple   | Entered the Ecumenical Temple
  4337 | D:6      | Found a shadowy altar of Dithmenos.
  4414 | D:6      | Reached skill level 5 in Fighting
  4945 | D:7      | Identified the +3 ring mail of Gif Veon {+Blink Dex+2}
  4973 | D:7      | Noticed a shadow
  4996 | D:7      | Reached XP level 9. HP: 40/68 MP: 9/9
  5007 | D:8      | Reached skill level 5 in Dodging
  5670 | D:7      | Identified the +2 leather armour "Decier" {Rampage Int+2
                  | Dex+3}
  6171 | D:8      | Noticed Maggie
  6180 | D:8      | Killed Maggie
  6181 | D:8      | Reached skill level 10 in Ranged Weapons
  6462 | D:8      | Reached XP level 10. HP: 65/74 MP: 10/10
  6511 | D:8      | Found a staircase to the Lair.
  6645 | D:8      | Reached skill level 11 in Ranged Weapons
  6870 | D:8      | Reached skill level 1 in Evocations
  6944 | D:8      | Found a glowing golden altar of the Shining One.
  6949 | D:8      | Found a white marble altar of Elyvilon.
  6950 | D:8      | Found a glowing silver altar of Zin.
  6954 | D:8      | Found a radiant altar of Vehumet.
  7125 | D:9      | Found a snail-covered altar of Cheibriados.
  7272 | D:9      | Noticed a two-headed ogre
  7281 | D:9      | Killed a two-headed ogre
  7282 | D:9      | Reached skill level 5 in Evocations
  7290 | D:9      | Killed an unseen horror
  8004 | D:10     | Entered Level 10 of the Dungeon
  8055 | D:10     | Found a hazy altar of Hepliaklqana.
  8055 | D:10     | Found an iron altar of Okawaru.
  8095 | D:10     | Became a worshipper of Warmaster Okawaru
  8142 | D:10     | Reached skill level 12 in Ranged Weapons
  8238 | D:10     | Found a stormy altar of Qazlal.
  8382 | D:10     | Reached * piety under Okawaru
  8393 | D:10     | Reached XP level 11. HP: 24/79 MP: 11/11
  8696 | Lair:1   | Entered Level 1 of the Lair of Beasts
  8723 | Lair:1   | Reached skill level 13 in Ranged Weapons
  8810 | Lair:1   | Reached ** piety under Okawaru
  8834 | Lair:1   | Noticed a boulder beetle
  8939 | Lair:1   | Reached *** piety under Okawaru
  8942 | Lair:1   | Reached skill level 14 in Ranged Weapons
  8965 | Lair:1   | Killed a boulder beetle
  9633 | Lair:1   | Found a broken altar of Ashenzari.
  9991 | Lair:2   | Reached **** piety under Okawaru
 10012 | Lair:1   | Slain by a black mamba

Illustrated notes

Levels and vault maps discovered:
D:1:      minmay_arrival_stone_box, layout_basic,
          shapermc_ecumenical_altar_acropolis
D:2:      layout_basic, basic_altar
D:3:      layout_basic, tgw_sif, nicolae_the_louvre
D:4:      layout_rooms, general_overflow_altar, mainiacjoe_overflow_catwalk,
          chequers_serial_rivers_small_a, minmay_quantized
D:5:      layout_loops_cross, nicolae_uskayaw_en_pointe, xom_redecorated,
          nicolae_zig_zag_zippers, uniq_menkaure, uniq_edmund
D:6:      layout_loops_ring, lemuel_crystal_altar, temple_pool_b
D:7:      layout_basic
D:8:      layout_loops_ring, minitemple, david_lair_shrubbed, uniq_maggie
D:9:      layout_small_grid, mainiacjoe_overflow_cross_hatched,
          nzn_life_drinkers
D:10:     layout_gridville, nicolae_qazlal_style_of_elements,
          gammafunk_temple_overflow_statue
Temple:   hellmonk_temple_beads
Lair:1:   layout_small_grid, minivault_11, lemuel_centaur_altar
Lair:2:   wander_river, layout_chaotic_city, columned_hall_lemuel, st_stairs_12,
          chequers_serial_rivers_small_3

Skill      XL: |  1  2  3  4  5  6  7  8  9 10 11 |
---------------+----------------------------------+-----
Ranged Weapons | 4 5 6 7 8 9 10 12 14 | 14.0
Fighting       | 5 7 |  7.5
Dodging        | 4 7 |  7.2
Evocations     | 5 |  5.0
Stealth        | |  0.7

Action                     |  1- 3 |  4- 6 |  7- 9 | 10-12 || total
---------------------------+-------+-------+-------+-------++-------
   Fire: Sling             |   158 |   204 |   686 |   656 ||  1704
  Evoke: Wand              |       |       |     4 |     3 ||     7
    Use: Potion            |       |     1 |       |     1 ||     2
         Scroll            |       |       |       |     9 ||     9
 Armour: Leather armour    |     5 |    16 |    90 |    28 ||   139
         Skin              |       |    11 |       |       ||    11
         Ring mail         |       |       |    52 |       ||    52
         Troll leather arm |       |       |       |    73 ||    73
  Dodge: Dodged            |    12 |    17 |   104 |   127 ||   260

Table legend: (Time is in decaauts)
 A = Elapsed time spent in this place.
 B = Non-inter-level travel time spent in this place.
 C = Inter-level travel time spent in this place.
 D = Time resting spent in this place.
 E = Time spent auto-exploring this place.
 F = Levels seen in this place.
 G = Mean time per level.
                   A        B        C        D        E       F      G
               +--------+--------+--------+--------+--------+-----+--------+
         Total |  10015 |   9687 |    328 |    451 |   7691 |  13 |  770.4 |
       Dungeon |   8726 |   8445 |    281 |    413 |   6678 |  10 |  872.6 |
        Temple |      1 |      1 |      0 |      0 |      0 |   1 |    1.0 |
          Lair |   1287 |   1240 |     47 |     38 |   1012 |   2 |  643.5 |
               +--------+--------+--------+--------+--------+-----+--------+

Top non-repeatable levels by time:
     D:8: 1396 daAuts
  Lair:1: 1249 daAuts
     D:5: 1159 daAuts
     D:6: 1017 daAuts
     D:9: 915 daAuts
     D:7: 891 daAuts
     D:4: 814 daAuts
     D:2: 765 daAuts
    D:10: 645 daAuts
     D:3: 633 daAuts
     D:1: 487 daAuts
  Lair:2: 38 daAuts
  Temple: 1 daAuts
